 Dungeon Crawl Stone Soup version 0.29-a0-1042-g87b1fcd763 (webtiles) character file.

Game seed: 7579392974519792556

140 polve the Chopper (level 5, -1/42 HPs)
             Began as a Demonspawn Abyssal Knight on Aug 15, 2022.
             Was a Priest of Lugonu.
             Succumbed to an orc's poison
             ... on level 4 of the Dungeon.
             The game lasted 00:03:53 (4910 turns).

polve the Chopper (Demonspawn Abyssal Knight)       Turns: 4910, Time: 00:03:54

Health: -1/42      AC: 16    Str: 15    XL:     5   Next: 2%
Magic:  6/6        EV:  6    Int: 12    God:    Lugonu [***...]
Gold:   254        SH:  0    Dex: 13    Spells: 4/4 levels left

rFire   . . .      SeeInvis .   a - +1 hand axe
rCold   . . .      Faith    .   (no shield)
rNeg    . . .      Spirit   .   d - +0 chain mail
rPois   .          Reflect  .   f - +0 helmet
rElec   .          Harm     .   c - scarf {shadows}
rCorr   .          Rampage  .   b - +0 pair of gloves
Will    .....                   (no boots)
Stlth   ..........              (no amulet)
HPRegen 0.14/turn               (no ring)
MPRegen 0.10/turn               (no ring)

@: lethally poisoned (-1 -> -12), sanguine armoured
A: demonic guardian 1, sanguine armour 1
a: Renounce Religion, Depart the Abyss, Bend Space, Banish


You were on level 4 of the Dungeon.
You worshipped Lugonu.
Lugonu was most pleased with you.
You visited 1 branch of the dungeon, and saw 4 of its levels.
You visited the Abyss 1 time.

You collected 254 gold pieces.

Inventory:

Hand Weapons
 a - a +1 hand axe (weapon)
Armour
 b - a +0 pair of gloves (worn)
 c - a scarf of shadows (worn)
 d - a +0 chain mail (worn)
 f - a +0 helmet (worn)
Scrolls
 g - 2 scrolls of silence
 i - a scroll of immolation
 j - a scroll of blinking {unknown}
 m - 2 scrolls of fog
 n - a scroll of magic mapping {unknown}
 o - a scroll of summoning {unknown}
 p - a scroll of noise {unknown}
 q - 2 scrolls of poison


   Skills:
 + Level 4.0 Fighting
 * Level 4.1 Axes
 - Level 1.7 Armour
 - Level 0.8 Dodging
 - Level 2.4 Invocations


You had 4 spell levels left.
You didn't know any spells.
Your spell library contained the following spells:

 Spells                   Type           Power      Damage    Failure   Level
 Gell's Gravitas          Tloc           0%         N/A       100%        3
 Teleport Other           Tloc           0%         N/A       100%        3
 Dispersal                Tloc           0%         N/A       100%        6


Dungeon Overview and Level Annotations

Branches:
Dungeon (4/15)
 Temple: D:4-7

Altars:
Gozag

Annotations:
D:1 1 transporter
D:3 3 runed translucent doors, skk's ghost, amateur TeGl


Innate Abilities, Weirdness & Mutations

A weak demonic guardian rushes to your aid.
When seriously injured, your blood forms armour. (AC +6)


Message History

You hit the orc but do no damage. You closely miss the goblin.
The orc hits you but does no damage.
You are poisoned.
The goblin hits you with a +0 dagger.
You hit the orc.
The orc is lightly wounded.
You hit the goblin.
You kill the goblin!
Lugonu accepts your kill.
You feel very sick. The orc hits you but does no damage.
The orc hits you with a +0 trident of venom.
You are more poisoned.
You closely miss the orc.
The orc is lightly wounded.
Your blood congeals into armour.
You feel very sick.
The orc hits you with a +0 trident of venom.
You are lethally poisoned!
You hit the orc.
The orc is severely wounded.
You feel very sick. The orc barely misses you.
You hit the orc.
The orc is almost dead.
You feel very sick.
The orc hits you with a +0 trident of venom.
You are more poisoned.
You hit the orc.
You kill the orc!
Lugonu accepts your kill.
* * * LOW HITPOINT WARNING * * *
You feel very sick.
You aren't carrying any potions.
You aren't carrying any potions.
* * * LOW HITPOINT WARNING * * *
You feel very sick.
* * * LOW HITPOINT WARNING * * *
You feel very sick.
You die...

#### .. ####..#####...
###......#.....##
##....)..#........
#....@..##......#
##...)..........#.
##.<##............ #####
#........#........
#####.#.####.##.....#........
#.#..........##.....##.$.....
...............#..#..#..w<..=
.##....##..#....#...[#.......
..#....##.##.....#########...


There were no monsters in sight!

Vanquished Creatures
  An orc wizard (D:3)
  2 adders
  3 worms
  A dart slug (D:2)
  8 orcs
  5 bats
  6 endoplasms
  3 giant cockroaches
  7 goblins
  5 hobgoblins
  4 jackals (D:3)
  4 quokkas (D:1)
  5 ball pythons
  2 frilled lizards
  9 kobolds
  6 rats
71 creatures vanquished.

Vanquished Creatures (collateral kills)
  An orc (D:3)
  An endoplasm (D:1)
2 creatures vanquished.

Grand Total: 73 creatures vanquished

Notes
Turn   | Place    | Note
-------+----------+-------------------------------------------
     0 | Abyss:1  | polve the Demonspawn Abyssal Knight began the quest for the
                  | Orb.
     0 | Abyss:1  | Reached XP level 1. HP: 18/18 MP: 2/2
     6 | Abyss:1  | Found a corrupted altar of Lugonu.
    14 | Abyss:1  | Found a shadowy altar of Dithmenos.
    15 | D:1      | Escaped the Abyss
    15 | D:1      | Found a transporter.
   351 | D:1      | Gained mutation: A weak demonic guardian rushes to your
                  | aid. [demonic ancestry]
   351 | D:1      | Reached XP level 2. HP: 24/24 MP: 3/3
  1600 | D:1      | Reached XP level 3. HP: 29/29 MP: 4/4
  2225 | D:2      | Found an opulent altar of Gozag.
  3054 | D:3      | Gained mutation: When seriously injured, your blood forms
                  | armour. (AC +6) [demonic ancestry]
  3054 | D:3      | Reached XP level 4. HP: 37/37 MP: 5/5
  3065 | D:3      | Reached *** piety under Lugonu
  3569 | D:3      | Found a runed translucent gate.
  3580 | D:3      | Found a runed translucent gate.
  3581 | D:3      | Found a runed translucent gate.
  3596 | D:3      | Noticed skk's ghost (amateur TeGl)
  3749 | D:3      | Found a faded altar of an unknown god.
  4675 | D:3      | Reached XP level 5. HP: 16/42 MP: 6/6
  4909 | D:4      | HP: 1/42 [poisoned by an orc]
  4910 | D:4      | Succumbed to an orc's poison

Illustrated notes

Levels and vault maps discovered:
D:1:      spicycebolla_arrival_risky_transporter, layout_basic,
          nicolae_concentric_dashed_squares_wild
D:2:      layout_loops_cross, basic_altar
D:3:      wander_river, layout_rooms, ebering_ghost_rock_garden,
          shapermc_ecumenical_altar_ellora, grunt_decor_fettered
D:4:      minmay_door_path, layout_cave_pools, mainiacjoe_overflow_alcove_4,
          hangedman_abyss_or_decor_jellyfish_corner, kennysheep_generic_room_3,
          uniq_eustachio

Skill      XL: |  1  2  3  4 |
---------------+-------------+-----
Axes           | 2 3 4 |  4.1
Fighting       | 4 |  4.0
Armour         | |  1.7
Dodging        | |  0.8
Invocations    | |  2.4

Action                   |  1- 3 |  4- 6 || total
-------------------------+-------+-------++-------
Melee: Hand axe          |   163 |   103 ||   266
       Punch             |     1 |     1 ||     2
Invok: Depart the Abyss  |     1 |       ||     1
  Use: Scroll            |       |     4 ||     4
       Potion            |       |     4 ||     4
 Stab: Sleeping          |     1 |       ||     1
Armor: Leather armour    |    29 |       ||    29
       Ring mail         |    32 |    32 ||    64
       Scale mail        |       |    14 ||    14
       Chain mail        |       |     3 ||     3
Dodge: Dodged            |   126 |    60 ||   186

Table legend: (Time is in decaauts)
 A = Elapsed time spent in this place.
 B = Non-inter-level travel time spent in this place.
 C = Inter-level travel time spent in this place.
 D = Time resting spent in this place.
 E = Time spent auto-exploring this place.
 F = Levels seen in this place.
 G = Mean time per level.
                   A        B        C        D        E       F      G
               +--------+--------+--------+--------+--------+-----+--------+
         Total |   4982 |   4799 |    183 |      0 |   4173 |   5 |  996.4 |
       Dungeon |   4967 |   4784 |    183 |      0 |   4160 |   4 | 1241.8 |
         Abyss |     15 |     15 |      0 |      0 |     13 |   1 |   15.0 |
               +--------+--------+--------+--------+--------+-----+--------+

Top non-repeatable levels by time:
     D:1: 2156 daAuts
     D:3: 1730 daAuts
     D:2: 866 daAuts
     D:4: 214 daAuts
 Abyss:1: 15 daAuts
